 Dungeon Crawl Stone Soup version 0.30-a0-475-g03497ec522 (webtiles) character file.

Game seed: 3154092534193032741

126632 holysushi the Slayer (level 16, -5/164 (197) HPs)
             Began as an Ogre Chaos Knight on Dec 21, 2022.
             Was a Plaything of Xom.
             Slain by a deep elf blademaster
             ... wielding a +0 rapier
              (22 damage)
             ... on level 3 of the Elven Halls.
             The game lasted 00:51:31 (38501 turns).

holysushi the Slayer (Ogre Chaos Knight)           Turns: 38501, Time: 00:51:32

HP:   -5/164 (197)  AC:  8    Str: 34      XL:     16   Next: 99%
MP:   13/16         EV: 22    Int: 10 (11) God:    Xom [.*....]
Gold: 3673          SH:  5    Dex: 18      Spells: 15/15 levels left

rFire   . . .      SeeInvis .    x - +0 giant club
rCold   . . .      Faith    .    (shield currently unavailable)
rNeg    . . .      Spirit   .    D - +0 steam dragon scales
rPois   .          Reflect  +    G - +1 hat {Stlth+}
rElec   .          Harm     .    P - +0 cloak
rCorr   .          Rampage  .    (gloves unavailable)
Will    +....      Clarity  +    (boots unavailable)
Stlth   ++++...... NoTele   +    z - amulet of Ytheud {Reflect -Tele Str+6 SH+5}
HPRegen 0.47/turn                s - +4 ring of evasion
MPRegen 0.15/turn                I - +6 ring of dexterity

@: hasted, heavily drained, invisible, very quick
A: large, unfitting armour, tough skin 1, clarity, screaming 2, strong 2, wild
magic 2, evolution 1, MP-powered wands, noise suppression
a: Renounce Religion


You were on level 3 of the Elven Halls.
You worshipped Xom.
You were a plaything of Xom.
You visited 4 branches of the dungeon, and saw 23 of its levels.
You also visited: Sewer and Bailey.

You collected 3967 gold pieces.
You spent 294 gold pieces at shops.

Inventory:

Hand Weapons
 a - a +0 mace of chaos
 h - a +0 dire flail
 j - a +1 mace of protection
 l - a +0 giant spiked club
 x - a +0 giant club (weapon)
 y - a +3 dire flail
Missiles
 A - a throwing net
 W - 20 large rocks (quivered)
 X - 3 atropa-tipped darts
Armour
 b - a +2 robe
 D - +0 steam dragon scales (worn)
 G - a +1 hat of stealth (worn)
 L - a +1 robe of willpower
 P - a +0 cloak (worn)
Jewellery
 i - an amulet of faith
 s - a +4 ring of evasion (left hand)
 z - the amulet of Ytheud (around neck) {Reflect -Tele Str+6 SH+5}
   (You acquired it on level 8 of the Dungeon)

   [amulet of reflection]

   It reflects blocked missile attacks.
   Str:       It affects your strength (+6).
   -Tele:     It prevents most forms of teleportation.
   SH:        It affects your SH (+5).
 I - a +6 ring of dexterity (right hand)
 Q - an amulet of the acrobat
 S - a ring of flight
Wands
 q - a wand of charming (11)
 J - a wand of digging (2)
 R - a wand of acid (13)
 U - a wand of iceblast (4)
 Y - a wand of mindburst (11)
Scrolls
 e - 3 scrolls of fog
 p - 11 scrolls of teleportation
 t - 5 scrolls of magic mapping
 u - a scroll of amnesia
 v - a scroll of blinking
 w - 2 scrolls of vulnerability
 E - 3 scrolls of fear
 H - 3 scrolls of immolation
 K - 3 scrolls of poison
 V - 4 scrolls of identify
Potions
 d - 6 potions of brilliance
 f - 6 potions of flight
 g - 4 potions of attraction
 k - 5 potions of magic
 m - 5 potions of cancellation
 o - 15 potions of curing
 r - 3 potions of lignification
 B - 3 potions of haste
 C - 4 potions of mutation
 F - a potion of ambrosia
 M - 2 potions of resistance
 N - 3 potions of might
Miscellaneous
 c - a piece from Xom's chessboard (15/15)
 n - a tin of tremorstones (2/2)
 Z - a condenser vane (inert)


   Skills:
 - Level 21.0 Fighting
 - Level 18.0 Maces & Flails
 + Level 2.4 Throwing
 * Level 14.1 Dodging
 - Level 5.0 Stealth


You had 15 spell levels left.
You didn't know any spells.
Your spell library contained the following spells:

 Spells                   Type           Power      Damage    Failure   Level
 Apportation              Tloc           0%         N/A       54%         1
 Beastly Appendage        Tmut           0%         N/A       54%         1
 Foxfire                  Conj/Fire      0%         2x1d4     54%         1
 Magic Dart               Conj           0%         1d3       54%         1
 Shock                    Conj/Air       0%         1d3       54%         1
 Call Imp                 Summ           0%         N/A       67%         2
 Cigotuvi's Dreadful Rot  Necr/Pois/Air  0%         N/A       67%         2
 Ensorcelled Hibernation  Hex/Ice        0%         N/A       67%         2
 Passwall                 Tmut/Erth      0%         N/A       67%         2
 Poisonous Vapours        Pois/Air       0%         N/A       67%         2
 Searing Ray              Conj           0%         2d4       67%         2
 Static Discharge         Conj/Air       0%         2-2/arc   67%         2
 Call Canine Familiar     Summ           0%         N/A       87%         3
 Dazzling Flash           Conj/Hex       0%         N/A       87%         3
 Ignite Poison            Fire/Tmut/Pois 0%         N/A       87%         3
 Inner Flame              Hex/Fire       0%         N/A       87%         3
 Kindle Blastsparks       Fire/Tloc/Air  0%         2d10      87%         3
 Mephitic Cloud           Conj/Pois/Air  0%         N/A       87%         3
 Portal Projectile        Hex/Tloc       0%         N/A       87%         3
 Swiftness                Air            0%         N/A       87%         3
 Tukima's Dance           Hex            0%         N/A       87%         3
 Vhi's Electric Charge    Tloc/Air       0%         N/A       87%         3
 Anguish                  Hex/Necr       0%         N/A       99%         4
 Animate Armour           Summ/Erth      0%         N/A       99%         4
 Dispel Undead            Necr           0%         3d6       99%         4
 Fulminant Prism          Conj/Hex       0%         3d5       99%         4
 Manifold Assault         Tloc           0%         N/A       99%         4
 Passage of Golubria      Tloc           0%         N/A       99%         4
 Petrify                  Tmut/Erth      0%         N/A       99%         4
 Sticky Flame             Conj/Fire      0%         2d3       99%         4
 Alistair's Intoxication  Tmut/Pois      0%         N/A       100%        5
 Blade Hands              Tmut           0%         N/A       100%        5
 Borgnjor's Vile Clutch   Necr/Erth      0%         N/A       100%        5
 Fireball                 Conj/Fire      0%         3d3       100%        5
 Freezing Cloud           Conj/Ice/Air   0%         6-21      100%        5
 Metabolic Englaciation   Hex/Ice        0%         N/A       100%        5
 Silence                  Hex/Air        0%         N/A       100%        5
 Death Channel            Necr           0%         N/A       100%        6
 Iron Shot                Conj/Erth      0%         9d1       100%        6
 Statue Form              Tmut/Erth      0%         N/A       100%        6
 Summon Cactus Giant      Summ           0%         N/A       100%        6
 Enfeeble                 Hex            0%         N/A       100%        7
 Ignition                 Fire           0%         3d3       100%        8
 Lehudib's Crystal Spear  Conj/Erth      0%         10d2      100%        8
 Fire Storm               Conj/Fire      0%         5d1       100%        9


Dungeon Overview and Level Annotations

Branches:
Dungeon (13/15) Zot: 24666  Temple (0/1) D:7            Lair (5/5) D:11 Zot: 20582
 Shoals (0/4) Lair:2        Snake (0/4) Lair:3        Slime (0/5) Lair:4
    Orc (2/2) D:9 Zot: 8803     Elf (3/3) Orc:2 Zot: 10719  Vaults (0/5) D:13
  Sewer (visited)          Bailey (visited)

Altars:
Dithmenos
Okawaru
Xom
Lugonu

Shops:
D:10 [   D:13 :   Orc:1 :   Orc:2 [[=(   Elf:1 !   Elf:2 [

Portals:
Abyss: D:6

Annotations:
D:2 1 runed translucent door, Crazy Yiuf
D:3 1 runed translucent door, Encipher's ghost, amateur FoMo
D:6 2 runed translucent doors
D:9 Gastronok
Lair:2 3 exclusions
Elf:2 3 runed translucent doors


Innate Abilities, Weirdness & Mutations

You are too large for most types of armour.
You have tough skin. (AC +1)
You possess an exceptional clarity of mind.
You frequently scream uncontrollably at your foes.
Your muscles are very strong. (Str +8, Int/Dex -2)
Your spells are harder to cast, but more powerful.
You have hidden genetic potential.
You expend magic power (3 MP) to strengthen your wands.
You passively dampen the noise of your surroundings.


Message History

Press: ? - help, Shift-Dir - straight line, f - deep elf blademaster
Aim: a deep elf blademaster, wielding two +0 rapiers and wearing a +0 leather armour (lightly wounded, 27% to hit)
You feel a surge of power!
The bolt of acid hits the deep elf blademaster!
The acid corrodes the deep elf blademaster!
The deep elf blademaster is moderately wounded.
The bolt of acid hits the deep elf high priest!
The acid corrodes the deep elf high priest!
The deep elf high priest is moderately wounded.
You hear a shout!
The deep elf blademaster hits you with a +0 rapier. x2
The deep elf blademaster hits you with a +0 rapier! x2
The deep elf high priest calls down the wrath of its god upon you.
Something smites you!
* * * LOW HITPOINT WARNING * * *
You hear a shout! x2
You barely miss the deep elf blademaster.
The deep elf blademaster is moderately wounded.
The deep elf blademaster closely misses you.
The deep elf blademaster completely misses you.
You closely miss the deep elf blademaster.
The deep elf blademaster is moderately wounded.
The deep elf blademaster hits you with a +0 rapier!
* * * LOW HITPOINT WARNING * * *
The deep elf blademaster misses you.
You completely miss the deep elf blademaster.
The deep elf blademaster is moderately wounded.
The deep elf blademaster completely misses you.
The deep elf blademaster hits you with a +0 rapier!
* * * LOW HITPOINT WARNING * * *
You feel yourself speed up.
The deep elf blademaster completely misses you.
The deep elf blademaster hits you with a +0 rapier!
* * * LOW HITPOINT WARNING * * *
You block the deep elf blademaster's attack.
The deep elf blademaster misses you.
You fade into invisibility!
The deep elf blademaster closely misses you.
The deep elf blademaster hits you with a +0 rapier!!
You die...

#~~# ##.. #~~# ##... #####~~#
####### #######..⌠. ).)##..#
)....# ##.⌠.##..... ))|##).#
..).# #.....#..... )[.##..#
e..####⌠.<..'.⌠.<. (.[##..#
..##.#.....#..... #####..#
#####.##.##.⌠.##.....
#####.)######.ee@.##..#######..⌠.
...≈≈..≈≈...#####.##........##...
...≈≈.)≈≈...#####.##.........##..
...≈≈.)≈≈.........##....(|.).[##.
...≈≈..≈≈...###...##.......)...##
#####..######.##..##.........[..#
...............##.##.......).....
..).............#.##.............
..).⌠..⌠........'.##.............


You could see a deep elf blademaster (unable to see you, corroded) and a deep
elf high priest (unable to see you, corroded).

Vanquished Creatures
  A deep elf blademaster (Elf:3)
  A deep elf master archer (Elf:3)
  A storm dragon (D:12)
  A rockslime (Lair:3)
  A deep elf sorcerer (Elf:3)
  5 deep elf demonologists (Elf:3)
  3 deep elf annihilators (Elf:3)
  Snorg (Lair:5)
  2 deep elf death magi (Elf:3)
  A deep elf high priest (Elf:3)
  Josephine (Lair:2)
  3 hydras
  An ice dragon (Orc:1)
  2 ogre magi
  A merfolk avatar (Lair:5)
  3 centaur warriors
  19 two-headed ogres
  3 boulder beetles
  An anaconda (D:13)
  A death yak (Lair:4)
  An orc high priest (Orc:2)
  11 dancing weapons
  Urug (Lair:5)
  Nergalle (Lair:2)
  A shock serpent (shapeshifter) (D:11)
  8 deep elf knights
  Amaemon (Lair:3)
  2 deep trolls
  6 deep elf archers
  2 orc knights
  15 deep elf pyromancers
  13 deep elf zephyrmancers
  4 harpies (Lair:5)
  An orc sorcerer (Orc:2)
  3 manticores
  2 ugly things
  A moth of wrath (Lair:5)
  15 elephants
  6 cyclopes
  4 black mambas
  A torpor snail (Lair:5)
  3 gargoyles
  An orange demon (Lair:3)
  9 cane toads
  4 unseen horrors
  2 kobold demonologists (D:11)
  3 rime drakes
  An efreet (D:12)
  6 komodo dragons
  10 trolls
  7 polar bears
  A hornet (Lair:5)
  A tarantella (shapeshifter) (D:13)
  A raiju (D:11)
  4 slime creatures
  A snapping turtle (Lair:5)
  14 blink frogs
  A jumping spider (shapeshifter) (D:13)
  An air elemental (Elf:1)
  5 wyverns
  Eustachio (D:5)
  A vampire (D:10)
  5 wraiths
  65 yaks
  A shadow (D:12)
  3 water elementals
  2 fire elementals
  5 steam dragons
  6 basilisks
  9 vampire mosquitoes
  A warg (Orc:2)
  Menkaure (D:5)
  4 nagas
  12 water moccasins
  A swamp drake (Lair:2)
  22 orc warriors
  A sky beast (D:7)
  2 black bears
  A boggart (D:13)
  33 ogres
  3 wolves
  14 centaurs
  6 kobold brigands
  Blork the orc (D:5)
  14 bullfrogs
  2 necrophages
  3 earth elementals
  A gnoll sergeant (D:9)
  6 scorpions
  18 wights
  7 killer bees
  7 howler monkeys
  3 electric eels
  A lava snake (Lair:2)
  5 hounds
  21 orc priests
  Terence (D:3)
  2 iguanas
  Ijyb (D:4)
  16 orc wizards
  6 adders
  8 gnolls
  2 shadow imps
  5 white imps
  An ufetubus (D:6)
  A worm (D:5)
  3 dart slugs
  85 orcs
  8 ball pythons
  5 bats
  10 endoplasms
  4 giant cockroaches
  12 goblins
  8 hobgoblins
  A jackal (Sewer)
  30 kobolds
  5 quokkas
  4 frilled lizards
  12 rats
  A butterfly (Lair:3)
745 creatures vanquished.

Vanquished Creatures (collateral kills)
  A deep elf sorcerer (Elf:3)
  A deep elf demonologist (Elf:3)
  An ogre mage (Orc:2)
  A two-headed ogre (Orc:2)
  A harpy (Lair:5)
  A black mamba (Lair:5)
  A torpor snail (Lair:5)
  A rime drake (Lair:5)
  A troll (Orc:2)
  A hornet (Lair:5)
  A blink frog (Lair:1)
  Grinder (D:6)
  2 yaks (Lair:4)
  An ogre (Orc:2)
  4 kobold brigands
  A wight (D:6)
  2 quasits (D:6)
  An orc priest (D:6)
  3 orcs (D:6)
  5 kobolds
31 creatures vanquished.

Vanquished Creatures (others)
  2 deep elf pyromancers (Elf:1)
  A manticore (D:12)
  3 orc warriors (Orc:2)
  2 orc wizards (Orc:2)
  2 orcs
  A goblin zombie (D:1)
  A bush (Lair:2)
  6 demonic plants (D:6)
  29 fungi
  108 plants
155 creatures vanquished.

Grand Total: 931 creatures vanquished

Notes
Turn   | Place    | Note
-------+----------+-------------------------------------------
     0 | D:1      | holysushi the Ogre Chaos Knight began the quest for the
                  | Orb.
     0 | D:1      | Reached XP level 1. HP: 24/24 MP: 1/1
    85 | D:1      | Reached XP level 2. HP: 32/32 MP: 2/2
   131 | D:1      | XOM: silly message
   158 | D:1      | XOM: silly message
   536 | D:1      | XOM: divination: detect creatures
   580 | D:1      | Reached XP level 3. HP: 40/40 MP: 3/3
   790 | D:1      | XOM: silly message
   984 | D:2      | XOM: silly message
  1170 | D:2      | XOM: divination: detect creatures
  1319 | D:2      | XOM: silly message
  1368 | D:2      | XOM: silly message
  1402 | D:2      | Found a runed translucent door.
  1403 | D:2      | Noticed Crazy Yiuf
  1467 | D:2      | Reached XP level 4. HP: 49/49 MP: 4/4
  1523 | D:2      | Reached skill level 5 in Fighting
  1654 | D:2      | XOM: divination: detect items
  1695 | D:2      | XOM: silly message
  2103 | D:3      | Found a runed translucent door.
  2195 | D:3      | Noticed Terence
  2195 | D:3      | XOM: 5-stop teleportation journey
  2196 | D:3      | Found a faded altar of an unknown god.
  2210 | D:3      | Reached XP level 5. HP: 31/57 MP: 5/5
  2415 | D:3      | Killed Terence
  2497 | D:3      | XOM: divination: detect creatures
  2549 | D:3      | XOM: scenery: 2 doors open
  2642 | D:3      | XOM: give mutation
  2642 | D:3      | Gained mutation: Your muscles are strong. (Str +4, Int/Dex
                  | -1) [Xom's grace]
  2870 | D:3      | Noticed Encipher's ghost (amateur FoMo)
  3062 | D:4      | Reached XP level 6. HP: 55/67 MP: 6/6
  3128 | D:4      | Reached skill level 6 in Fighting
  3218 | D:4      | XOM: scenery: summon butterflies
  3287 | D:4      | Noticed Ijyb
  3293 | D:4      | Killed Ijyb
  3355 | D:4      | XOM: divination: detect creatures
  3639 | D:4      | XOM: smoke on damage
  3653 | D:4      | Reached skill level 5 in Maces & Flails
  3917 | D:5      | Entered Level 5 of the Dungeon
  3942 | D:5      | Found a glowing drain.
  3968 | Sewer    | XOM: stealth player
  3968 | Sewer    | Entered a sewer
  4060 | Sewer    | XOM: god gift: 628 gold pieces
  4062 | Sewer    | XOM: enchant monster (good)
  4089 | Sewer    | XOM: enchant monster (good)
  4092 | Sewer    | XOM: summons 5 friendly demons
  4096 | Sewer    | Reached XP level 7. HP: 31/76 MP: 7/7
  4251 | Sewer    | Found a glowing silver altar of Zin.
  4364 | D:5      | Noticed Blork the orc
  4378 | D:5      | Killed Blork the orc
  4379 | D:5      | Reached skill level 7 in Fighting
  4430 | D:5      | Noticed Menkaure
  4437 | D:5      | Killed Menkaure
  4950 | D:5      | XOM: 9-stop teleportation journey
  5043 | D:5      | Reached XP level 8. HP: 87/88 MP: 8/8
  5179 | D:5      | XOM is BORED!
  5185 | D:5      | Noticed Eustachio
  5199 | D:5      | Killed Eustachio
  5200 | D:5      | Reached skill level 8 in Fighting
  5258 | D:5      | Found a shadowy altar of Dithmenos.
  5411 | D:6      | XOM: cleaving
  5416 | D:6      | XOM: scenery: 2 doors open
  5418 | D:6      | XOM: noise
  5535 | D:5      | XOM: summons 1 hostile shadow creature
  5845 | D:6      | XOM: potion effect (might)
  5849 | D:6      | XOM: summons 3 friendly demons
  5867 | D:6      | Noticed a two-headed ogre
  5870 | D:6      | XOM: summons 6 friendly demons
  5893 | D:6      | Noticed Grinder
  5894 | D:6      | Killed a two-headed ogre
  5895 | D:6      | Reached skill level 9 in Fighting
  5895 | D:6      | Reached XP level 9. HP: 71/101 MP: 9/9
  5896 | D:6      | XOM: summons friendly iron imp
  5908 | D:6      | XOM: silly message
  5913 | D:6      | Killed Grinder
  5914 | D:6      | Reached skill level 10 in Fighting
  6093 | D:6      | Found a large runed translucent door.
  6093 | D:6      | Found a large runed translucent door.
  6134 | D:6      | XOM: summons friendly quasit
  6138 | D:6      | XOM: divination: detect items
  6154 | D:6      | XOM: summons 8 friendly demons
  6248 | D:6      | XOM: polymorph quasit -> crimson imp
  6478 | D:6      | XOM: scenery: summon butterflies
  6632 | D:6      | XOM: give mutation
  6632 | D:6      | Gained mutation: Your flesh is heat resistant. (rF+) [Xom's
                  | grace]
  6657 | D:6      | XOM: give mutations
  6657 | D:6      | Gained mutation: You are agile. (Dex +4, Str/Int -1) [Xom's
                  | grace]
  6657 | D:6      | Gained mutation: You are robust. (+10% HP) [Xom's grace]
  6687 | D:6      | XOM: give mutations
  6687 | D:6      | Gained mutation: Your spells are a little harder to cast,
                  | but a little more powerful. [Xom's grace]
  6687 | D:6      | Gained mutation: You are very robust. (+20% HP) [Xom's
                  | grace]
  6687 | D:6      | Gained mutation: Your muscles are very strong. (Str +8,
                  | Int/Dex -2) [Xom's grace]
  6687 | D:6      | Gained mutation: You have a pair of small horns on your
                  | head. [Xom's grace]
  6746 | D:6      | XOM: divination: detect creatures
  6764 | D:6      | XOM: god gift: book of Vapours
  6806 | D:6      | Found a corrupted altar of Lugonu.
  6877 | D:6      | XOM: confuse monster(s)
  6966 | D:6      | Found a one-way gate to the infinite horrors of the Abyss.
  7039 | D:6      | XOM: summons 3 friendly demons
  7141 | D:7      | XOM: 1-stop teleportation journey
  7157 | D:7      | XOM: 6-stop teleportation journey
  7176 | D:7      | Reached skill level 10 in Maces & Flails
  7181 | D:7      | XOM: divination: magic mapping
  7268 | D:7      | XOM: god gift: halberd {god gift}
  7362 | D:7      | Found a staircase to the Ecumenical Temple.
  7404 | D:7      | XOM: enchant monster (good)
  7407 | D:7      | Reached skill level 11 in Fighting
  7409 | D:7      | Reached XP level 10. HP: 115/135 MP: 10/10
  7428 | D:7      | XOM: fog
  7452 | D:7      | XOM: give mutation
  7452 | D:7      | Gained mutation: You have sharp toenails. [Xom's grace]
  7613 | D:7      | XOM: divination: detect items
  8030 | D:8      | Found a flagged portal.
  8054 | Bailey   | Entered a bailey
  8054 | Bailey   | XOM: 1-stop teleportation journey
  8117 | Bailey   | Found a runed translucent gate.
  8132 | Bailey   | Found a runed translucent gate.
  8134 | Bailey   | Found a runed translucent gate.
  8146 | Bailey   | XOM is BORED!
  8146 | Bailey   | XOM: polymorph orc warrior -> naga
  8151 | Bailey   | XOM: summons 9 friendly demons
  8258 | Bailey   | Noticed an orc warlord
  8459 | D:8      | Acquired the amulet of Ytheud {Reflect -Tele Str+6 SH+5}
  8539 | D:8      | XOM: potion effect (haste)
  8642 | D:8      | XOM: god gift: 2 javelins
  8712 | D:8      | XOM: god gift: scroll of immolation
  9051 | D:8      | XOM: cloud trail
  9561 | D:9      | Noticed Gastronok
  9561 | D:9      | Gastronok changed into Gastronok the juggernaut
  9561 | D:9      | Noticed Gastronok
  9561 | D:9      | XOM: polymorph Gastronok -> Gastronok the juggernaut
  9717 | D:10     | Entered Level 10 of the Dungeon
  9727 | D:9      | Found a staircase to the Orcish Mines.
  9742 | D:9      | XOM: potion effect (invisibility)
  9765 | D:9      | Reached skill level 12 in Fighting
  9787 | Orc:1    | Entered Level 1 of the Orcish Mines
  9787 | Orc:1    | Noticed an orc knight
  9787 | Orc:1    | Found a shimmering altar of Xom.
  9804 | Orc:1    | XOM: silly message
  9810 | D:9      | XOM: potion effect (brilliance)
  9826 | D:9      | Killed an orc knight
 10039 | D:9      | XOM: silly message
 10151 | D:9      | Noticed a two-headed ogre
 10160 | D:9      | XOM: silly message
 10161 | D:9      | Killed a two-headed ogre
 10162 | D:9      | Reached skill level 5 in Dodging
 10162 | D:9      | Reached XP level 11. HP: 142/148 MP: 11/11
 10558 | D:9      | Found an iron altar of Okawaru.
 10560 | D:9      | Noticed a two-headed ogre
 10562 | D:9      | XOM: divination: detect items
 10563 | D:9      | XOM: divination: detect items
 10577 | D:9      | Killed a two-headed ogre
 10767 | D:9      | XOM: enchant monster (bad)
 10773 | D:9      | XOM: summons friendly shadow imp
 10774 | D:9      | XOM: summons 2 friendly demons
 10781 | D:9      | Reached skill level 13 in Fighting
 10974 | D:9      | XOM: silly message
 11176 | D:10     | XOM: blink monster(s)
 11198 | D:10     | XOM: 1-stop teleportation journey
 11332 | D:10     | Noticed a two-headed ogre
 11338 | D:10     | Killed a two-headed ogre
 11515 | D:10     | Found Azunecw's Superior Scales.
 11529 | D:10     | XOM: silly message
 11590 | D:10     | XOM: silly message
 12075 | D:10     | Noticed Lodul
 12078 | D:10     | XOM: swap monsters
 12079 | D:10     | Lodul changed into Lodul the glowing shapeshifter
 12079 | D:10     | Noticed Lodul (glowing shapeshifter)
 12079 | D:10     | XOM: polymorph Lodul -> Lodul the glowing shapeshifter
 12079 | D:10     | Lodul the glowing shapeshifter changed into Lodul the swamp
                  | dragon
 12079 | D:10     | Noticed Lodul (glowing shapeshifter)
 12112 | D:10     | XOM: summons 4 hostile demons
 12116 | D:10     | XOM: silly message
 12219 | D:10     | XOM: silly message
 12471 | D:11     | Found a staircase to the Lair.
 12471 | D:11     | XOM: enchant monster (bad)
 12492 | D:10     | Reached XP level 12. HP: 54/164 MP: 12/12
 12767 | D:10     | XOM: confusion
 12777 | D:10     | Reached skill level 14 in Fighting
 12941 | D:11     | XOM: polymorph basilisk -> raiju
 12951 | D:11     | XOM: confusion
 12955 | D:11     | XOM: summons 1 hostile demon
 13030 | D:11     | Got the Incunabulum of Confrontation
 13034 | Lair:1   | Entered Level 1 of the Lair of Beasts
 13045 | Lair:1   | XOM: confuse monster(s)
 13054 | Lair:1   | XOM: confuse monster(s)
 13065 | Lair:1   | XOM: cast spell 'Call Canine Familiar'
 13193 | Lair:1   | XOM: divination: magic mapping
 13338 | Lair:1   | XOM: divination: magic mapping
 13444 | Lair:1   | XOM: silly message
 13670 | Lair:1   | XOM: divination: detect items
 13792 | Lair:1   | XOM: enchant monster (good)
 13800 | Lair:1   | XOM: divination: detect items
 13803 | Lair:1   | XOM: cast spell 'Summon Ice Beast'
 13807 | Lair:1   | Reached skill level 15 in Fighting
 14285 | Lair:2   | XOM: silly message
 14293 | Lair:2   | XOM: repel stairs
 14353 | Lair:2   | Found a staircase to the Shoals.
 14356 | Lair:2   | XOM: polymorph centaur -> hound
 14357 | Lair:2   | Noticed Nergalle
 14553 | Lair:1   | XOM: silly message
 14588 | Lair:2   | XOM: enchant monster (bad)
 14590 | Lair:2   | Reached skill level 16 in Fighting
 14718 | Lair:2   | XOM: 1-stop teleportation journey
 14742 | Lair:2   | Killed Nergalle
 14898 | Lair:2   | XOM: 2-stop teleportation journey
 15081 | Lair:2   | XOM: give mutation
 15081 | Lair:2   | Lost mutation: You are agile. (Dex +4, Str/Int -1) [Xom's
                  | mischief]
 15579 | Lair:2   | XOM: give mutations
 15579 | Lair:2   | Gained mutation: Your system is resistant to poisons.
                  | (rPois) [Xom's grace]
 15579 | Lair:2   | Gained mutation: You have hidden genetic potential. [Xom's
                  | grace]
 15579 | Lair:2   | Gained mutation: You possess an exceptional clarity of
                  | mind. [Xom's grace]
 15613 | Lair:2   | Noticed a six-headed hydra
 15618 | Lair:2   | XOM: polymorph electric eel -> swamp drake
 15628 | Lair:2   | Killed a six-headed hydra
 15629 | Lair:2   | Reached skill level 17 in Fighting
 16305 | Lair:3   | Found a staircase to the Snake Pit.
 16312 | Lair:3   | XOM: snakes to sticks
 16334 | Lair:3   | Noticed Josephine
 16370 | Lair:2   | XOM: summons 3 hostile demons
 16451 | Lair:2   | XOM: silly message
 16550 | Lair:3   | Reached XP level 13. HP: 121/181 MP: 13/13
 16556 | Lair:2   | Killed Josephine
 16754 | Lair:3   | Reached skill level 18 in Fighting
 16771 | Lair:3   | XOM: cleaving
 17060 | Lair:3   | a yak changed into a rockslime
 17060 | Lair:3   | Noticed a rockslime
 17060 | Lair:3   | XOM: polymorph yak -> rockslime
 17062 | Lair:3   | Killed a rockslime
 17220 | Lair:3   | XOM: smoke on damage
 17624 | Lair:3   | XOM: silly message
 17904 | Lair:3   | Noticed Amaemon
 17905 | Lair:3   | XOM: cast spell 'Disjunction'
 17919 | Lair:3   | Killed Amaemon
 18083 | Lair:3   | XOM: swap monsters
 18092 | Lair:3   | Gained mutation: You passively map a small area around you.
                  | [hidden potential]
 18361 | Lair:3   | XOM: silly message
 18631 | Lair:4   | XOM: divination: detect items
 18633 | Lair:4   | XOM: divination: detect creatures
 18639 | Lair:4   | XOM: confuse monster(s)
 18662 | Lair:4   | XOM: enchant monster (bad)
 18667 | Lair:4   | XOM: potion effect (heal wounds)
 18680 | Lair:4   | XOM: noise
 18690 | Lair:4   | XOM: noise
 18834 | Lair:4   | Found a staircase to the Slime Pits.
 18959 | Lair:4   | XOM: summons friendly quasit
 19494 | Lair:4   | XOM: cast spell 'Summon Mana Viper'
 19500 | Lair:4   | XOM: cleaving
 19506 | Lair:4   | Reached skill level 15 in Maces & Flails
 19739 | Lair:4   | XOM: 5-stop teleportation journey
 20021 | Lair:4   | XOM: god gift: Xom's Almanac of the Neverending Curses {god
                  | gift}
 20022 | Lair:4   | Got Xom's Almanac of the Neverending Curses {god gift}
 20155 | Lair:5   | Entered Level 5 of the Lair of Beasts
 20192 | Lair:5   | XOM: confuse monster(s)
 20197 | Lair:5   | XOM: scenery: summon butterflies
 20315 | Lair:5   | Reached XP level 14. HP: 199/204 MP: 14/14
 20367 | Lair:5   | XOM: smoke on damage
 20713 | Lair:5   | XOM: summons friendly chaos spawn
 20782 | Lair:5   | Reached skill level 19 in Fighting
 20848 | Lair:5   | XOM: fake destruction
 21006 | Lair:5   | XOM: polymorph snapping turtle -> moth of wrath
 21244 | Lair:5   | Noticed Urug
 21245 | Lair:5   | XOM: destruction
 21259 | Lair:5   | Killed Urug
 21276 | Lair:5   | XOM: god gift: scroll of teleportation
 21528 | Lair:5   | Reached skill level 10 in Dodging
 21671 | Lair:5   | XOM: give mutations
 21671 | Lair:5   | Gained mutation: Your spells are harder to cast, but more
                  | powerful. [Xom's grace]
 21671 | Lair:5   | Gained mutation: Your mind is acute. (Int +4, Str/Dex -1)
                  | [Xom's grace]
 21671 | Lair:5   | Gained mutation: You have great hidden genetic potential.
                  | [Xom's grace]
 21671 | Lair:5   | Gained mutation: You are partially covered in iridescent
                  | scales. (AC +2) [Xom's grace]
 21714 | Lair:5   | Gained mutation: You passively dampen the noise of your
                  | surroundings. [hidden potential]
 21714 | Lair:5   | Lost mutation: You have great hidden genetic potential.
                  | [hidden potential expressed]
 21907 | Lair:5   | Identified the +7 trident "Lyof" {vamp, Fly rPois rN+
                  | Str-3}
 21917 | Lair:5   | XOM: noise
 21940 | Lair:5   | Noticed Snorg
 21950 | Lair:5   | Killed Snorg
 22464 | D:11     | XOM: potion effect (curing)
 23222 | D:11     | XOM: scenery: 1 doors close
 23364 | D:12     | XOM is BORED!
 23418 | D:12     | XOM: cast spell 'Necromutation'
 23594 | D:12     | XOM: summons 6 hostile demons
 23952 | D:12     | Identified the +1 long sword of Karma {freeze, rC+++ Will-
                  | MP+9 Int+2} (Xom gifted it to you on level 12 of the
                  | Dungeon)
 23952 | D:12     | XOM: god gift: +1 long sword of Karma {freeze, rC+++ Will-
                  | MP+9 Int+2}
 23976 | D:12     | XOM: potion effect (brilliance)
 23980 | D:12     | XOM: chaos cloud
 24016 | D:12     | XOM: noise
 24375 | D:12     | Noticed a storm dragon
 24385 | D:12     | Killed a storm dragon
 24385 | D:12     | HP: 10/206 [burnt (2)]
 24388 | D:12     | XOM: give mutations
 24388 | D:12     | Lost mutation: You have hidden genetic potential. [Xom's
                  | mischief]
 24388 | D:12     | Lost mutation: You have sharp toenails. [Xom's mischief]
 24388 | D:12     | Lost mutation: Your flesh is heat resistant. (rF+) [Xom's
                  | mischief]
 24388 | D:12     | Lost mutation: You have a pair of small horns on your head.
                  | [Xom's mischief]
 24390 | D:12     | XOM: chaos cloud
 24505 | D:11     | XOM: give mutations
 24505 | D:11     | Lost mutation: You passively map a small area around you.
                  | [Xom's mischief]
 24505 | D:11     | Lost mutation: You are very robust. (+20% HP) [Xom's
                  | mischief]
 24555 | D:11     | XOM: give mutation
 24555 | D:11     | Gained mutation: You have large cloven feet. [Xom's grace]
 24684 | D:11     | XOM: cloud trail
 24825 | D:12     | Got Sif Muna's Meditations on Production and Transformation
 24841 | D:12     | Reached XP level 15. HP: 132/201 MP: 15/15
 25111 | D:12     | XOM: cloud trail
 25534 | D:12     | XOM: cloud trail
 25560 | D:13     | XOM: repel stairs
 25728 | D:13     | Found Reposij's Book Boutique.
 25946 | D:13     | XOM: polymorph manticore -> glowing shapeshifter
 25958 | D:13     | XOM is BORED!
 25958 | D:13     | XOM: give mutation
 25958 | D:13     | Gained mutation: You occasionally shout uncontrollably at
                  | your foes. [Xom's mischief]
 26065 | D:13     | XOM: torment (102/201 hp)
 26281 | D:13     | XOM: silly message
 26464 | D:13     | Found a gate to the Vaults.
 26467 | D:13     | XOM: chaos upgrade
 26757 | D:13     | XOM: polymorph two-headed ogre -> anaconda
 26761 | D:13     | Reached skill level 1 in Stealth
 26772 | D:13     | Reached skill level 20 in Fighting
 26779 | D:13     | Paralysed by something for 4 turns
 26780 | D:13     | XOM: enchant monster (good)
 27613 | Orc:1    | XOM: enchant monster (good)
 27642 | Orc:1    | XOM: enchant monster (good)
 27670 | Orc:1    | XOM: summons friendly white imp
 27997 | Orc:1    | XOM: polymorph orc priest -> killer bee
 28002 | Orc:1    | XOM: summons friendly shadow imp
 28009 | Orc:1    | Found Muydeufi's Book Shop.
 28441 | D:11     | XOM: draining
 28699 | Orc:2    | Entered Level 2 of the Orcish Mines
 28718 | Orc:2    | Found a staircase to the Elven Halls.
 28766 | Orc:2    | Found Nirgh's Jewellery Emporium.
 28766 | Orc:2    | XOM: fog
 28768 | Orc:2    | Found Kufia's Antique Weapon Shoppe.
 28768 | Orc:2    | Found Jeaceuj's Antique Armour Shop.
 28775 | Orc:2    | XOM: smoke on damage
 29231 | Orc:1    | XOM: torment (87/178 hp)
 29386 | Orc:1    | XOM: summons 8 hostile demons
 29526 | Orc:2    | XOM: enchant monster (bad)
 29536 | Orc:2    | XOM: stat loss: -1 Str (26/27)
 29796 | Orc:1    | XOM: noise
 29844 | Orc:2    | Found Coosk's Armour Shoppe.
 30173 | Orc:2    | XOM: god gift: 3 atropa-tipped darts
 30245 | Orc:2    | XOM: divination: detect items
 30405 | Orc:2    | XOM: divine lightning
 30481 | Orc:2    | XOM: 5-stop teleportation journey
 30519 | Orc:2    | Lost mutation: Your mind is acute. (Int +4, Str/Dex -1) [a
                  | neqoxec]
 30522 | Orc:2    | Gained mutation: You occasionally lose the ability to read
                  | scrolls when taking damage. [a neqoxec]
 30533 | Orc:2    | Lost mutation: You occasionally lose the ability to read
                  | scrolls when taking damage. [potion of mutation]
 30533 | Orc:2    | Lost mutation: Your system is resistant to poisons. (rPois)
                  | [potion of mutation]
 30533 | Orc:2    | Lost mutation: You are partially covered in iridescent
                  | scales. (AC +2) [potion of mutation]
 30533 | Orc:2    | Gained mutation: You frequently scream uncontrollably at
                  | your foes. [potion of mutation]
 30533 | Orc:2    | Gained mutation: You have hidden genetic potential. [potion
                  | of mutation]
 30533 | Orc:2    | Gained mutation: You expend magic power (3 MP) to
                  | strengthen your wands. [potion of mutation]
 30541 | Orc:2    | XOM: enchant monster (good)
 30985 | Orc:1    | XOM: god gift: book of Decay
 31029 | Orc:1    | XOM: scenery: create altars
 31031 | Orc:2    | XOM: potion effect (invisibility)
 31157 | Elf:1    | Entered Level 1 of the Elven Halls
 31162 | Elf:1    | XOM: divine lightning
 31169 | Elf:1    | XOM: scenery: 1 doors open
 31172 | Elf:1    | XOM: summons friendly crimson imp
 31178 | Elf:1    | Reached XP level 16. HP: 207/214 MP: 16/16
 31208 | Elf:1    | XOM: 5-stop teleportation journey
 31355 | Elf:1    | XOM: silly message
 31677 | Elf:1    | XOM: god gift: 33 gold pieces
 31723 | Elf:1    | Found Tyaqy's Distillery.
 31849 | Elf:1    | Bought a potion of berserk rage for 70 gold pieces
 31849 | Elf:1    | Bought a potion of mutation for 112 gold pieces
 31849 | Elf:1    | Bought a potion of mutation for 112 gold pieces
 32101 | Elf:1    | Paralysed by an air elemental for 1 turns
 32176 | Elf:1    | XOM: silly message
 33094 | Elf:2    | Found Ciexaseshro's Armour Emporium.
 33106 | Elf:2    | XOM: divination: detect items
 33138 | Elf:2    | Found a runed translucent gate.
 33138 | Elf:2    | Found a runed translucent gate.
 33442 | Elf:2    | XOM: cloud trail
 33523 | Elf:2    | Found a runed translucent gate.
 33638 | Elf:2    | XOM: summons friendly ufetubus
 33671 | Elf:2    | XOM: silly message
 33781 | Elf:3    | Entered Level 3 of the Elven Halls
 33902 | Elf:3    | XOM is BORED!
 33902 | Elf:3    | Noticed a deep elf master archer
 33902 | Elf:3    | Noticed a deep elf blademaster
 33902 | Elf:3    | Found the +8 orange crystal plate armour {Archmagi, Int+3
                  | Clar}
 33902 | Elf:3    | XOM: 2-stop teleportation journey
 33905 | Elf:3    | XOM: noise
 33907 | Elf:3    | XOM: noise
 33913 | Elf:3    | Killed a deep elf blademaster
 33914 | Elf:3    | Noticed a Tzitzimitl
 33915 | Elf:3    | Killed a deep elf master archer
 33926 | Elf:3    | XOM: silly message
 33933 | Elf:3    | Got Sif Muna's Discourse on Black Rituals
 34249 | Elf:3    | Identified the +2 pair of boots "Veamnuid" {+Inv Regen+
                  | Stlth+}
 34292 | Elf:3    | XOM: smoke on damage
 34328 | Elf:3    | XOM: 3-stop teleportation journey
 34365 | Elf:3    | XOM: summons 5 hostile demons
 34960 | Elf:3    | XOM: summons 1 hostile demon
 35577 | Elf:3    | XOM: give mutations
 35577 | Elf:3    | Lost mutation: You have large cloven feet. [Xom's mischief]
 35577 | Elf:3    | Gained mutation: You occasionally lose the ability to read
                  | scrolls when taking damage. [Xom's mischief]
 35577 | Elf:3    | Lost mutation: You occasionally lose the ability to read
                  | scrolls when taking damage. [Xom's mischief]
 35589 | Elf:3    | XOM: noise
 35591 | Elf:3    | Reached skill level 21 in Fighting
 35592 | Elf:3    | XOM: summons 2 hostile demons
 36101 | Elf:3    | XOM: summons 2 hostile demons
 36145 | Elf:3    | Gained mutation: Your spells are much harder to cast, but
                  | much more powerful. [hidden potential]
 36443 | Elf:3    | XOM: summons 1 hostile demon
 37054 | Elf:3    | XOM: draining
 37056 | Elf:3    | Noticed a Tzitzimitl
 37225 | Elf:3    | XOM: cast spell 'Monstrous Menagerie'
 37228 | Elf:3    | Reached skill level 1 in Throwing
 37245 | Elf:3    | Noticed a Tzitzimitl
 37252 | Elf:3    | Noticed an Ice Fiend
 37257 | Elf:3    | XOM: silly message
 37260 | Elf:3    | XOM: chaos upgrade
 37261 | Elf:3    | XOM: enchant monster (good)
 37278 | Elf:3    | XOM: give mutations
 37278 | Elf:3    | Lost mutation: You are robust. (+10% HP) [Xom's mischief]
 37278 | Elf:3    | Lost mutation: Your spells are much harder to cast, but
                  | much more powerful. [Xom's mischief]
 37278 | Elf:3    | Gained mutation: You have large cloven feet. [Xom's
                  | mischief]
 37278 | Elf:3    | Lost mutation: You have large cloven feet. [Xom's mischief]
 37526 | Elf:3    | Reached skill level 5 in Stealth
 37635 | Elf:3    | XOM: stat loss: -1 Int (10/11)
 37740 | Elf:3    | XOM: silly message
 37771 | Elf:3    | XOM: enchant monster (bad)
 38105 | Elf:3    | XOM: summons 1 hostile demon
 38133 | Elf:3    | Got Sif Muna's Volume of Forceful Displacement
 38135 | Elf:3    | XOM is BORED!
 38135 | Elf:3    | XOM: summons 3 hostile shadow creatures
 38137 | Elf:3    | Paralysed by an air elemental for 1 turns
 38144 | Elf:3    | Paralysed by an air elemental for 1 turns
 38458 | Elf:3    | XOM: summons 3 hostile demons
 38484 | Elf:3    | Noticed a deep elf blademaster
 38501 | Elf:3    | Slain by a deep elf blademaster

Illustrated notes

Levels and vault maps discovered:
D:1:      saegor_arrival_miasma, layout_loops_ring, kennysheep_another_room
D:2:      layout_loops_ring, uniq_crazy_yiuf_cottage
D:3:      layout_basic, hellmonk_ecumenical_altar_blasted,
          ebering_ghost_reflecting_pool, uniq_terence
D:4:      layout_rooms, dreamdust_princess_corridor, uniq_ijyb
D:5:      layout_basic, lemuel_coloured_pillars_altar, portal_sewer_entry_c,
          uniq_blork_the_orc, uniq_menkaure, uniq_eustachio
D:6:      due_chaos_kobolds, layout_basic, serial_demonic, serial_demonic_c,
          serial_demonic_a, serial_demonic_f, serial_demonic_c, minivault_26,
          uniq_grinder
D:7:      layout_loops_ring, temple_doors_e
D:8:      layout_rooms, enter_bailey_2
D:9:      layout_long_grid, minmay_orc_entry_temple_small,
          hangedman_feature_mirror, hex_medium, minivault_16, uniq_gastronok
D:10:     layout_roguey [special_room_orc], hellmonk_scale_shop, uniq_lodul
D:11:     layout_irregular_city, minmay_lair_entry_grove
D:12:     nzn_winding_woodlands_cross
          [nzn_winding_woodlands_5x15_pathside_ponds,
          nzn_winding_woodlands_5x15_crooked, nzn_winding_woodlands_5x15_pool,
          nzn_winding_woodlands_5x15_cabin,
          nzn_winding_woodlands_15x15_eel_pit], layout_stronghold
D:13:     layout_basic, hangedman_vaults_entry_quadrant_bands, serial_shops,
          nicolae_shop_statue_plus
Lair:1:   layout_regular_city, serial_rivers, chequers_serial_rivers_micro_a,
          chequers_serial_rivers_micro_d, chequers_serial_rivers_micro_b,
          chequers_serial_rivers_marsh
Lair:2:   layout_loops_ring, minmay_shoals_entry_centaurs, serial_forest,
          infiniplex_forest_lined_ring, infiniplex_forest_lined_room_3,
          infiniplex_forest_straight_1, infiniplex_forest_lined_3,
          infiniplex_forest_clump_cross, infiniplex_forest_lined_3,
          nicolae_lair_liquid_snakes, lemuel_fruit_fields, uniq_nergalle
Lair:3:   layout_cave_pods, guppyfry_snake_entry_island, beast_lair_carwin_11,
          lemuel_fruit_fields, lemuel_fruit_tree, uniq_josephine, uniq_amaemon
Lair:4:   wander_river, layout_small_grid, dpeg_slime_entry_enclosed,
          beast_lair_carwin_2, serial_bayou_shore_b
Lair:5:   gammafunk_lair_ancient_temple, layout_concentric_octagons,
          serial_bayou, serial_bayou_shore_b, serial_bayou_lagoon_a,
          serial_bayou_pond_a, serial_bayou_pond_a, serial_bayou_crossing,
          serial_bayou_pond_c, uniq_snorg, uniq_urug
Orc:1:    layout_caves, basic_altar, portal_ice_cave_entry_animals_and_master,
          serial_shops, shop
Orc:2:    st_orc_open, layout_caves, minmay_orc_temple_c
Elf:1:    minmay_elf_arrival_summoners, layout_onion_city, serial_shops,
          nicolae_shop_hallway_stairs, drop_trap
Elf:2:    nicolae_elf_blades_splatter_lattice [nicolae_blade_lattice],
          layout_geoelf_diagonals, serial_shops, shop
Elf:3:    elf_hall_gauntlet_wide, layout_gridlike, grunt_megastairs_3

Skill      XL: |  1  2  3  4  5  6  7  8  9 10 11 12 13 14 15 16 |
---------------+-------------------------------------------------+-----
Maces & Flails | 3 4 5 6 8 10 12 13 14 15 16 17 18 | 18.0
Fighting       | 5 6 7 9 11 12 13 17 18 19 20 21 | 21.0
Dodging        | 3 5 6 7 9 11 12 14 | 14.1
Stealth        | 3 5 |  5.0
Throwing       | 2 |  2.4

Action                   |  1- 3 |  4- 6 |  7- 9 | 10-12 | 13-15 | 16-18 || total
-------------------------+-------+-------+-------+-------+-------+-------++-------
Melee: Mace              |    98 |   184 |    18 |       |       |       ||   300
       Punch             |     1 |       |       |       |       |       ||     1
       Dire flail        |       |       |   168 |   463 |       |       ||   631
       Giant spiked club |       |       |     6 |   140 |    58 |       ||   204
       Headbutt          |       |       |     5 |   106 |   130 |       ||   241
       Giant club        |       |       |     2 |       |   942 |   338 ||  1282
       Kick              |       |       |       |   186 |   369 |    79 ||   634
Throw: Large rock        |       |       |       |       |       |    18 ||    18
Evoke: Piece from Xom's  |       |       |     7 |     7 |     4 |     1 ||    19
       Wand              |       |       |       |     2 |       |     1 ||     3
       Condenser vane    |       |       |       |       |       |     1 ||     1
  Use: Potion            |       |     6 |     2 |     2 |     2 |    10 ||    22
       Scroll            |       |    12 |     2 |     8 |     8 |     2 ||    32
 Stab: Sleeping          |       |     3 |       |     4 |     8 |     8 ||    23
       Invisible         |       |     1 |       |    16 |       |       ||    17
       Petrifying        |       |       |     1 |       |       |       ||     1
       Distracted        |       |       |       |     3 |     3 |       ||     6
       Confused          |       |       |       |     1 |     3 |       ||     4
       Paralysed         |       |       |       |       |     1 |       ||     1
Armor: Robe              |    53 |    61 |    50 |    42 |       |       ||   206
       Steam dragon scal |       |       |       |   111 |   282 |    32 ||   425
Dodge: Dodged            |    48 |   115 |   167 |   598 |  1062 |   224 ||  2214
Block: Other             |       |       |       |    33 |       |    25 ||    58
       Reflection        |       |       |       |     4 |       |     6 ||    10

Table legend: (Time is in decaauts)
 A = Elapsed time spent in this place.
 B = Non-inter-level travel time spent in this place.
 C = Inter-level travel time spent in this place.
 D = Time resting spent in this place.
 E = Time spent auto-exploring this place.
 F = Levels seen in this place.
 G = Mean time per level.
                   A        B        C        D        E       F      G
               +--------+--------+--------+--------+--------+-----+--------+
         Total |  38220 |  37081 |   1139 |  12746 |  16943 |  25 | 1528.8 |
       Dungeon |  17565 |  16893 |    672 |   4654 |   8576 |  13 | 1351.2 |
          Lair |   9417 |   9116 |    301 |   2937 |   4777 |   5 | 1883.4 |
  Orcish Mines |   3196 |   3157 |     39 |   1374 |   1104 |   2 | 1598.0 |
   Elven Halls |   7280 |   7155 |    125 |   3586 |   2369 |   3 | 2426.7 |
         Sewer |    367 |    367 |      0 |    120 |    110 |   1 |  367.0 |
        Bailey |    393 |    393 |      0 |     73 |      7 |   1 |  393.0 |
               +--------+--------+--------+--------+--------+-----+--------+

Top non-repeatable levels by time:
   Elf:3: 4270 daAuts
  Lair:4: 2176 daAuts
   Orc:1: 2098 daAuts
  Lair:2: 2093 daAuts
    D:13: 2074 daAuts
    D:12: 2041 daAuts
  Lair:3: 1929 daAuts
    D:10: 1873 daAuts
   Elf:2: 1811 daAuts
  Lair:1: 1630 daAuts
  Lair:5: 1587 daAuts
     D:6: 1577 daAuts
     D:7: 1320 daAuts
     D:5: 1273 daAuts
    D:11: 1258 daAuts
